NWL
LOS ANGELES N (SS-A) DODGERS @ SPOKANE INDIANS
09/03/2099
 
TOP OF THE 1ST
Los Angeles N (SS-A) Dodgers batting - Pitching for Spokane Indians : LHP Roberto Pena
Pitching: LHP Roberto Pena
Batting: RHB Adam Averett 0-0: Called Strike
0-1: Ball
1-1: Called Strike
1-2: Ball
2-2: Ball
3-2: Foul Ball, location: 2F
3-2: Ground out 6-3 (Groundball, P, EV 82.5 MPH)
Batting: RHB Rich Ede 0-0: Ball
1-0: Foul Ball, location: 9LMF
1-1: Ball
2-1: Called Strike
2-2: Strikes out swinging
Batting: RHB Devin Gleason 0-0: Called Strike
0-1: Fly out, F8 (Flyball, 8RS, EV 95.6 MPH)
Top of the 1st over - 0 runs, 0 hits, 0 errors, 0 left on base; Los Angeles N (SS-A) 0 - Spokane 0
BOTTOM OF THE 1ST
Spokane Indians batting - Pitching for Los Angeles N (SS-A) Dodgers : LHP Danny Montoya
Pitching: LHP Danny Montoya
Batting: RHB Jeff Hauenstein 0-0: Called Strike
0-1: Ground out 6-3 (Groundball, 6, EV 95.6 MPH)
Batting: RHB Josh Jonson 0-0: Foul Ball, location: 2F
0-1: Ball
1-1: Reached on error, E5 (Groundball, 56S, EV 83.8 MPH)
Batting: RHB Zyaire Spencer 0-0: Ball
1-0: Called Strike
1-1: SINGLE (Groundball, 6MD, EV 111.3 MPH)
Josh Jonson to third
Runner from 3rd tries for Home, SAFE, throw by CF to home
Batting: RHB Joel Turner 0-0: Called Strike
0-1: Foul Ball, location: 9LMF
0-2: Ball
Zyaire Spencer steals 2nd base (no throw)
1-2: Foul Ball, location: 3FF
1-2: Strikes out looking
Batting: RHB Manny Valdenegro 0-0: Called Strike
0-1: Swinging Strike
0-2: Fly out, F8 (Flyball, 89M, EV 92.5 MPH)
Bottom of the 1st over - 1 run, 1 hit, 1 error, 1 left on base; Los Angeles N (SS-A) 0 - Spokane 1
TOP OF THE 2ND
Los Angeles N (SS-A) Dodgers batting - Pitching for Spokane Indians : LHP Roberto Pena
Batting: RHB Josh Woodruff 0-0: Called Strike
0-1: Ball
1-1: Ground out 6-3 (Groundball, 6S, EV 82.5 MPH)
Batting: RHB Nate Gillis 0-0: Called Strike
0-1: Foul Ball, location: 2F
0-2: Strikes out looking
Batting: RHB Ivan Morales 0-0: Called Strike
0-1: Called Strike
0-2: Ball
1-2: Fly out, F8 (Line Drive, 8RD, EV 78.8 MPH)
Top of the 2nd over - 0 runs, 0 hits, 0 errors, 0 left on base; Los Angeles N (SS-A) 0 - Spokane 1
BOTTOM OF THE 2ND
Spokane Indians batting - Pitching for Los Angeles N (SS-A) Dodgers : LHP Danny Montoya
Batting: RHB Chris Engasser 0-0: Called Strike
0-1: Called Strike
0-2: Strikes out swinging
Batting: RHB Alex Minero 0-0: Ball
1-0: DOUBLE (Line Drive, 9LD, EV 111.3 MPH) - OUT at third base trying to stretch hit.
Batting: RHB Matt Caswell 0-0: Called Strike
0-1: Ball
1-1: Ball
2-1: Foul Ball, location: 2F
2-2: SINGLE (Line Drive, 6MD, EV 93.8 MPH)
Batting: RHB Jesse Yergeau 0-0: Ball
1-0: Foul Ball, location: 2F
1-1: Ball
2-1: Foul Ball, location: 25FF
2-2: Foul Ball, location: 2F
2-2: DOUBLE (Flyball, 89D, EV 104.4 MPH)
Matt Caswell to third
Batting: RHB Jeff Hauenstein 0-0: Called Strike
0-1: Ball
1-1: Called Strike
1-2: Fly out, F9 (Flyball, 9D, EV 95.6 MPH)
Bottom of the 2nd over - 0 runs, 3 hits, 0 errors, 2 left on base; Los Angeles N (SS-A) 0 - Spokane 1
TOP OF THE 3RD
Los Angeles N (SS-A) Dodgers batting - Pitching for Spokane Indians : LHP Roberto Pena
Batting: RHB Nolan Jones 0-0: Swinging Strike
0-1: Called Strike
0-2: Ball
1-2: Ball
2-2: Ball
3-2: Strikes out swinging
Batting: RHB Alex Gutierrez 0-0: Called Strike
0-1: SINGLE (Line Drive, 6MD, EV 100.6 MPH)
Batting: RHB Jesse Reed 0-0: Called Strike
0-1: Fly out, F8 (Flyball, 8RM, EV 84.4 MPH)
Batting: RHB Adam Averett 0-0: Ball
1-0: Fly out, F4 (Popup, 4D, EV 51.9 MPH)
Top of the 3rd over - 0 runs, 1 hit, 0 errors, 1 left on base; Los Angeles N (SS-A) 0 - Spokane 1
BOTTOM OF THE 3RD
Spokane Indians batting - Pitching for Los Angeles N (SS-A) Dodgers : LHP Danny Montoya
Batting: RHB Josh Jonson 0-0: Swinging Strike
0-1: Foul Ball, location: 2LF
0-2: Ball
1-2: Strikes out swinging
Batting: RHB Zyaire Spencer 0-0: Foul Ball, location: 2F
0-1: Ball
1-1: SINGLE (Flyball, 4MD, EV 90.0 MPH)
Batting: RHB Joel Turner 0-0: Ball
1-0: Swinging Strike
1-1: Called Strike
1-2: Ball
2-2: Ground out 5-3 (Groundball, 56, EV 80.0 MPH)
Zyaire Spencer to second
Batting: RHB Manny Valdenegro 0-0: Ball
1-0: Called Strike
1-1: Foul Ball, location: 2F
1-2: Ball
2-2: SINGLE (Line Drive, 89S, EV 105.0 MPH)
Zyaire Spencer to third
Runner from 3rd tries for Home, SAFE, throw by RF to home
Batting: RHB Chris Engasser 0-0: Called Strike
0-1: Called Strike
0-2: Foul Ball, location: 2F
0-2: Foul Ball, location: 9LDF
0-2: Fly out, F3 (Popup, 34, EV 61.9 MPH)
Bottom of the 3rd over - 1 run, 2 hits, 0 errors, 1 left on base; Los Angeles N (SS-A) 0 - Spokane 2
TOP OF THE 4TH
Los Angeles N (SS-A) Dodgers batting - Pitching for Spokane Indians : LHP Roberto Pena
Batting: RHB Rich Ede 0-0: Called Strike
0-1: Ball
1-1: Ball
2-1: Ball
3-1: Foul Ball, location: 2F
3-2: Strikes out swinging
Batting: RHB Devin Gleason 0-0: Called Strike
0-1: Ball
1-1: Ball
2-1: Swinging Strike
2-2: Foul Ball, location: 3F
2-2: Strikes out looking
Batting: RHB Josh Woodruff 0-0: Called Strike
0-1: Ball
1-1: Ball
2-1: Foul Ball, location: 5DF
2-2: Fly out, F7 (Flyball, 7S, EV 92.5 MPH)
Top of the 4th over - 0 runs, 0 hits, 0 errors, 0 left on base; Los Angeles N (SS-A) 0 - Spokane 2
BOTTOM OF THE 4TH
Spokane Indians batting - Pitching for Los Angeles N (SS-A) Dodgers : LHP Danny Montoya
Batting: RHB Alex Minero 0-0: Ball
1-0: Fly out, F9 (Flyball, 9D, EV 105.6 MPH)
Batting: RHB Matt Caswell 0-0: Ground out 6-3 (Groundball, 6S, EV 69.4 MPH)
Batting: RHB Jesse Yergeau 0-0: SINGLE (Line Drive, 9S, EV 101.3 MPH)
Batting: RHB Jeff Hauenstein 0-0: Ball
1-0: Called Strike
1-1: Called Strike
1-2: Ball
2-2: Ball
3-2: Foul Ball, location: 5F
3-2: Fly out, F9 (Flyball, 89D, EV 103.8 MPH)
Bottom of the 4th over - 0 runs, 1 hit, 0 errors, 1 left on base; Los Angeles N (SS-A) 0 - Spokane 2
TOP OF THE 5TH
Los Angeles N (SS-A) Dodgers batting - Pitching for Spokane Indians : LHP Roberto Pena
Batting: RHB Nate Gillis 0-0: Foul Ball, location: 2F
0-1: Ball
1-1: Ball
2-1: Swinging Strike
2-2: Fly out, F8 (Flyball, 8RM, EV 86.3 MPH)
Batting: RHB Ivan Morales 0-0: Ball
1-0: Ball
2-0: Foul Ball, location: 2RF
2-1: SINGLE (Line Drive, 6M, EV 106.9 MPH)
Batting: RHB Nolan Jones 0-0: Foul Ball, location: 25F
0-1: Ball
1-1: Called Strike
1-2: Fly out, F7 (Flyball, 78M, EV 87.5 MPH)
Batting: RHB Alex Gutierrez 0-0: Ball
1-0: Foul Ball, location: 3SF
1-1: Ball
2-1: Ball
3-1: Foul Ball, location: 23F
3-2: Foul Ball, location: 5SF
3-2: Fly out, F8 (Flyball, 8RS, EV 85.6 MPH)
Top of the 5th over - 0 runs, 1 hit, 0 errors, 1 left on base; Los Angeles N (SS-A) 0 - Spokane 2
BOTTOM OF THE 5TH
Spokane Indians batting - Pitching for Los Angeles N (SS-A) Dodgers : LHP Danny Montoya
Batting: RHB Josh Jonson 0-0: Ball
1-0: Fly out, F7 (Flyball, 78M, EV 95.0 MPH)
Batting: RHB Zyaire Spencer 0-0: Fly out, F9 (Line Drive, 9S, EV 86.9 MPH)
Batting: RHB Joel Turner 0-0: Ground out U3 (Groundball, 3, EV 88.1 MPH)
Bottom of the 5th over - 0 runs, 0 hits, 0 errors, 0 left on base; Los Angeles N (SS-A) 0 - Spokane 2
TOP OF THE 6TH
Los Angeles N (SS-A) Dodgers batting - Pitching for Spokane Indians : LHP Roberto Pena
Batting: RHB Jesse Reed 0-0: Fly out, F8 (Flyball, 8LD, EV 96.3 MPH)
Batting: RHB Adam Averett 0-0: Foul Ball, location: 7LMF
0-1: Ball
1-1: Foul Ball, location: 3FF
1-2: Ball
2-2: Foul Ball, location: 2F
2-2: Strikes out swinging
Batting: RHB Rich Ede 0-0: Fly out, F3 (Line Drive, 34, EV 66.3 MPH)
Top of the 6th over - 0 runs, 0 hits, 0 errors, 0 left on base; Los Angeles N (SS-A) 0 - Spokane 2
BOTTOM OF THE 6TH
Spokane Indians batting - Pitching for Los Angeles N (SS-A) Dodgers : LHP Danny Montoya
Batting: RHB Manny Valdenegro 0-0: Ball
1-0: Foul Ball, location: 5DF
1-1: Ball
2-1: Ground out 5-3 (Groundball, 56S, EV 90.6 MPH)
Batting: RHB Chris Engasser 0-0: Ball
1-0: Fly out, F7 (Flyball, 78M, EV 73.8 MPH)
Batting: RHB Alex Minero 0-0: Called Strike
0-1: Ball
1-1: Ball
2-1: Ball
3-1: Fly out, F8 (Flyball, 8LD, EV 78.8 MPH)
Bottom of the 6th over - 0 runs, 0 hits, 0 errors, 0 left on base; Los Angeles N (SS-A) 0 - Spokane 2
TOP OF THE 7TH
Los Angeles N (SS-A) Dodgers batting - Pitching for Spokane Indians : LHP Roberto Pena
Batting: RHB Devin Gleason 0-0: Called Strike
0-1: Ball
1-1: Foul Ball, location: 2F
1-2: Ball
2-2: Fly out, F8 (Flyball, 8LD, EV 97.5 MPH)
Batting: RHB Josh Woodruff 0-0: Ball
1-0: Ball
2-0: Ball
3-0: Base on Balls
Batting: RHB Nate Gillis 0-0: Called Strike
0-1: Foul Ball, location: 2F
0-2: Strikes out swinging
Batting: RHB Ivan Morales 0-0: Fly out, F9 (Flyball, 9S, EV 91.3 MPH)
Top of the 7th over - 0 runs, 0 hits, 0 errors, 1 left on base; Los Angeles N (SS-A) 0 - Spokane 2
BOTTOM OF THE 7TH
Spokane Indians batting - Pitching for Los Angeles N (SS-A) Dodgers : LHP Danny Montoya
Pitching: RHP Juan Salazar
Batting: RHB Matt Caswell 0-0: Foul Ball, location: 2RF
0-1: SINGLE (Line Drive, 78M, EV 107.5 MPH)
Batting: RHB Jesse Yergeau 0-0: Sac Bunt to 5S - play at first, batter OUT! 5-3
Matt Caswell to second
Batting: RHB Jeff Hauenstein 0-0: Ball
1-0: Ground out 6-3 (Groundball, 56, EV 79.4 MPH)
Batting: RHB Josh Jonson 0-0: Foul Ball, location: 2F
0-1: Ball
1-1: Foul Ball, location: 5SF
1-2: Foul Ball, location: 9LMF
1-2: Ball
2-2: Ball
3-2: Foul Ball, location: 2F
3-2: SINGLE (Line Drive, 6MD, EV 63.1 MPH)
Matt Caswell to third
Runner from 3rd tries for Home, SAFE, throw by CF to home
Batting: RHB Zyaire Spencer 0-0: Foul Ball, location: 2F
0-1: Ball
1-1: Ball
2-1: Ground out 5-3 (Groundball, 56, EV 105.6 MPH)
Bottom of the 7th over - 1 run, 2 hits, 0 errors, 1 left on base; Los Angeles N (SS-A) 0 - Spokane 3
TOP OF THE 8TH
Los Angeles N (SS-A) Dodgers batting - Pitching for Spokane Indians : LHP Roberto Pena
Batting: RHB Nolan Jones 0-0: Swinging Strike
0-1: Swinging Strike
0-2: Ball
1-2: Strikes out swinging
Batting: RHB Alex Gutierrez 0-0: Ball
1-0: Foul Ball, location: 9LDF
1-1: Ball
2-1: Called Strike
2-2: Ground out 3-1 (Groundball, 34, EV 94.4 MPH)
Pinch Hitting: RHB Matt Lewis 0-0: Called Strike
0-1: Foul Ball, location: 3DF
0-2: Ball
1-2: Ball
2-2: Ground out 1-3 (Groundball, 13S, EV 65.6 MPH)
Top of the 8th over - 0 runs, 0 hits, 0 errors, 0 left on base; Los Angeles N (SS-A) 0 - Spokane 3
BOTTOM OF THE 8TH
Spokane Indians batting - Pitching for Los Angeles N (SS-A) Dodgers : RHP Juan Salazar
Now at 3B: Danny Reyes
Batting: RHB Joel Turner 0-0: Ball
1-0: Fly out, F8 (Flyball, 8RM, EV 92.5 MPH)
Batting: RHB Manny Valdenegro 0-0: Ball
1-0: Foul Ball, location: 2F
1-1: Foul Ball, location: 23F
1-2: Ball
2-2: Fly out, F8 (Line Drive, 89M, EV 107.5 MPH)
Batting: RHB Chris Engasser 0-0: Swinging Strike
0-1: Ball
1-1: Called Strike
1-2: Strikes out swinging
Bottom of the 8th over - 0 runs, 0 hits, 0 errors, 0 left on base; Los Angeles N (SS-A) 0 - Spokane 3
TOP OF THE 9TH
Los Angeles N (SS-A) Dodgers batting - Pitching for Spokane Indians : LHP Roberto Pena
Batting: RHB Adam Averett 0-0: Ball
1-0: SINGLE (Groundball, 34D, EV 95.0 MPH)
Pinch Hitting: RHB Francisco Cedeno 0-0: Ball
1-0: SINGLE (Line Drive, 6D, EV 96.9 MPH)
Adam Averett to second
Pitching: RHP Eddie Guzman
Pinch Hitting: LHB Micah Vogel 0-0: Called Strike
0-1: Ball
1-1: Swinging Strike
1-2: Ball
2-2: Ball
3-2: Fly out, F8 (Flyball, 8RXD, EV 101.9 MPH)
Runner from 2nd tags up, SAFE at 3rd, no throw by CF
Pinch Hitting: LHB Danny Lujan 0-0: Ball
1-0: Called Strike
1-1: Ball
2-1: Swinging Strike
2-2: Ball
3-2: Base on Balls
Francisco Cedeno to second
Pinch Hitting: LHB Mike Ludwig 0-0: Swinging Strike
0-1: Ball
1-1: SINGLE (Line Drive, 8LS, EV 101.9 MPH)
Adam Averett scores
Francisco Cedeno to third
Danny Lujan to second
Pinch Hitting: LHB Bill Thomas 0-0: Called Strike
0-1: Ball
1-1: Called Strike
1-2: Fielders Choice at 2nd, 6-4 (Groundball, 56, EV 103.1 MPH)
Francisco Cedeno scores
Danny Lujan to third
Batting: LHB Bob Rhodes 0-0: Foul Ball, location: 2RF
0-1: Ball
1-1: Ball
2-1: Ball
3-1: Foul Ball, location: 2F
3-2: Base on Balls
Bill Thomas to second
Pinch Hitting: LHB Greg Weeks 0-0: Ball
1-0: Swinging Strike
1-1: Foul Ball, location: 2F
1-2: Foul Ball, location: 3FF
1-2: Fly out, F8 (Flyball, 8RD, EV 102.5 MPH)
Top of the 9th over - 2 runs, 3 hits, 0 errors, 3 left on base; Los Angeles N (SS-A) 2 - Spokane 3
Thursday, May 16th , 2024 - OOTP Baseball 24.11 Build 85